 Dungeon Crawl Stone Soup version 0.29-a0-887-gcbe080d7e0 (webtiles) character file.

Game seed: 7583311162965623250

3 avis the Chiller (level 1, 0/14 HPs)
             Began as a Demigod Ice Elementalist on July 22, 2022.
             Slain by a ball python (2 damage)
             ... on level 1 of the Dungeon.
             The game lasted 00:00:48 (60 turns).

avis the Chiller (Demigod Ice Elementalist)           Turns: 60, Time: 00:00:49

Health: 0/14       AC:  2    Str:  9    XL:     1   Next: 33%
Magic:  0/5        EV:  9    Int: 17    God:
Gold:   14         SH:  0    Dex: 14    Spells: 2/3 levels left

rFire   . . .      SeeInvis .   f - +0 dagger
rCold   . . .      Faith    .   (no shield)
rNeg    . . .      Spirit   .   a - +0 robe
rPois   .          Reflect  .   (no helmet)
rElec   .          Harm     .   (no cloak)
rCorr   .          Rampage  .   (no gloves)
Will    .....                   (no boots)
Stlth   ++........              (no amulet)
HPRegen 0.04/turn               (no ring)
MPRegen 0.09/turn               (no ring)

@: very slightly contaminated, constricted
A: high MP 1, forlorn, divine attributes
a: no special abilities


You were on level 1 of the Dungeon.
You visited 1 branch of the dungeon, and saw 1 of its levels.

You collected 14 gold pieces.

Inventory:

Hand Weapons
 f - a +0 dagger (weapon)
Missiles
 e - 6 silver javelins
Armour
 a - a +0 robe (worn)
Scrolls
 c - a scroll of fear {unknown}
 d - a scroll of vulnerability {unknown}
Potions
 b - a potion of magic


   Skills:
 + Level 1.8 Dodging
 + Level 1.8 Stealth
 + Level 1.8 Spellcasting
 + Level 3.6 Ice Magic


You had 2 spell levels left.
You knew the following spells:

 Your Spells              Type           Power      Damage    Failure   Level
a - Freeze                Ice            56%        1d7       4%          1

Your spell library contained the following spells:

 Spells                   Type           Power      Damage    Failure   Level
 Frozen Ramparts          Ice            28%        1d4       13%         3
 Ozocubu's Armour         Ice            14%        N/A       13%         3
 Hailstorm                Conj/Ice       7%         3d4       67%         4


Dungeon Overview and Level Annotations

Branches:
Dungeon (1/15)


Innate Abilities, Weirdness & Mutations

You have an increased reservoir of magic. (+10% MP)
You shall have no god before yourself.
Your divine heritage dramatically boosts your attributes as you level up.


Message History

The rat is severely wounded.
The jackal barks!
You hear an angry hiss.
The rat closely misses you.
You hit the rat but do no damage.
The rat is severely wounded.
A ball python comes into view.
The rat bites you.
You barely miss the rat.
The rat is severely wounded.
The rat closely misses you. The rat attacks as you move away!
The rat closely misses you. The jackal attacks as you move away!
The jackal completely misses you. The jackal closely misses you.
Things that are here:
a +0 dagger; a stone; a kobold corpse
f - a +0 dagger The jackal bites you.
The ball python bites you. The ball python grabs you.
The ball python constricts you.
f - a +0 dagger (weapon)
The jackal bites you but does no damage.
Casting: Freeze (safe; 4% risk of failure)
Confirm with . or Enter, or press ? or * to list all spells.
Aiming: Freeze (safe; 4% risk of failure)
Press: ? - help, Shift-Dir - straight line, f - jackal
Aim: a jackal You miscast Freeze.
You are very lightly contaminated with residual magic.
Nothing appears to happen.
The ball python bites you. The ball python constricts you.
The jackal bites you.
* * * LOW HITPOINT WARNING * * *
You barely miss the ball python.
The ball python bites you but does no damage.
The ball python constricts you. The jackal barely misses you.
The ball python bites you but does no damage.
The ball python constricts you.
* * * LOW HITPOINT WARNING * * *
You closely miss the ball python.
The jackal bites you but does no damage. x2
The ball python bites you.
You die...

#.............#.#.
#.............##..
#.............# ..
##...........##
##.........##
##.......##
.#######.#######..
......#..h#.......
.......#.#@....?..
.......h#S....>...
......†.....##.###
...........## #
......#...##
......##### ......
..... .....


You could see a jackal and a ball python.

Vanquished Creatures
  A dart slug (D:1)
  A kobold (D:1)
2 creatures vanquished.

Notes
Turn   | Place    | Note
-------+----------+-------------------------------------------
     0 | D:1      | avis the Demigod Ice Elementalist began the quest for the
                  | Orb.
     0 | D:1      | Reached XP level 1. HP: 14/14 MP: 5/5
    60 | D:1      | Slain by a ball python

Illustrated notes

Levels and vault maps discovered:
D:1:      psy_arrival_dodecagon, layout_basic, serial_shops, shop,
          minmay_hexomino_r4

Action                   || total
-------------------------++-------
Melee: Unarmed           ||     3
       Dagger            ||     2
 Cast: Freeze            ||     5
Armor: Robe              ||     6
Dodge: Dodged            ||    10

Table legend: (Time is in decaauts)
 A = Elapsed time spent in this place.
 B = Non-inter-level travel time spent in this place.
 C = Inter-level travel time spent in this place.
 D = Time resting spent in this place.
 E = Time spent auto-exploring this place.
 F = Levels seen in this place.
 G = Mean time per level.
                   A        B        C        D        E       F      G
               +--------+--------+--------+--------+--------+-----+--------+
         Total |     59 |     59 |      0 |      0 |      0 |   1 |   59.0 |
       Dungeon |     59 |     59 |      0 |      0 |      0 |   1 |   59.0 |
               +--------+--------+--------+--------+--------+-----+--------+

Top non-repeatable levels by time:
     D:1: 59 daAuts
